 Dungeon Crawl Stone Soup version 0.22-a0-109-gbeb7240 (webtiles) character file.

138493 dududu the Martial Artist (level 17, -1/94 HPs)
             Began as a Vine Stalker Monk on Jan 26, 2018.
             Was the Champion of Cheibriados.
             Slain by a slime creature (6 damage)
             ... on level 4 of the Swamp.
             The game lasted 02:20:27 (21909 turns).

dududu the Martial Artist (Vine Stalker Monk)      Turns: 21909, Time: 02:20:29

Health: -1/94      AC: 27    Str: 37    XL:     17   Next: 26%
Magic:  0/34       EV:  8    Int: 27    God:    Cheibriados [******]
Gold:   1863       SH: 27    Dex: 36    Spells: 17/24 levels left

rFire    . . .     SeeInvis .     - Unarmed
rCold    . . .     Gourm    .   o - +1 large shield
rNeg     . . .     Faith    .   A - +2 plate armour {MR+}
rPois    +         Spirit   +   H - +2 hat
rElec    .         Reflect  +   x - +1 cloak {+Inv}
rCorr    .         Harm     .   i - +0 pair of gloves {archery}
MR       +++..                  h - +2 pair of boots
Stlth    ..........             K - +3 amulet of reflection
HPRegen  1.05/turn              z - ring of poison resistance
MPRegen  0.24/turn              y - ring of magical power

@: mighty, very slow
A: fangs 3, hooves 1, molten scales 1, agile 1, sense surroundings 1,
regeneration 2, magic shield, antimagic bite, no potion heal 3, rot immunity
a: Bend Time, Temporal Distortion, Slouch, Step From Time, Renounce Religion,
Evoke Invisibility


You were on level 4 of the Swamp.
You worshipped Cheibriados.
Cheibriados was exalted by your worship.
You were hungry.

You visited 5 branches of the dungeon, and saw 28 of its levels.
You also visited: Bailey and Ice Cave.

You collected 2834 gold pieces.
You spent 971 gold pieces at shops.

Inventory:

Hand Weapons
 b - a +0 hunting sling
 w - a +4 blowgun
Missiles
 l - 12 javelins (quivered)
 n - 61 sling bullets
 u - 4 throwing nets
 O - 7 curare-tipped needles
Armour
 h - a +2 pair of boots (worn)
 i - a +0 pair of gloves of archery (worn)
 o - a +1 large shield (worn)
 x - a +1 cloak of invisibility (worn)
 A - a +2 plate armour of magic resistance (worn)
 H - a +2 hat (worn)
Jewellery
 y - a ring of magical power (right hand)
 z - a ring of poison resistance (left hand)
 J - an uncursed ring of protection from magic
 K - a +3 amulet of reflection (around neck)
 M - an uncursed ring of resist corrosion
 T - an uncursed ring of protection from cold
 Y - an uncursed ring of see invisible
Wands
 m - a wand of polymorph (24)
 q - a wand of paralysis (15)
 C - a wand of digging (12)
 D - a wand of disintegration (11)
 G - a wand of flame (114)
 S - a wand of acid (3)
Scrolls
 c - 16 scrolls of remove curse
 d - 6 scrolls of teleportation
 g - 3 scrolls of vulnerability
 j - 2 scrolls of identify
 p - 4 scrolls of enchant armour
 F - 4 scrolls of fog
 I - 3 scrolls of fear
 P - a scroll of magic mapping
Potions
 a - 3 potions of brilliance
 e - a potion of invisibility
 f - 6 potions of resistance
 k - 20 potions of curing {curing}
 s - 2 potions of lignification
 v - 4 potions of flight
 B - 4 potions of mutation
 E - 2 potions of might
 N - 2 potions of agility
 U - a potion of cancellation
Miscellaneous
 Q - a lamp of fire
 W - a phial of floods (inert)
 X - a fan of gales
Comestibles
 r - 3 chunks of flesh
 t - 56 rations


   Skills:
 + Level 12.5 Fighting
 * Level 9.4 Armour
 - Level 2.4 Dodging
 - Level 3.0 Stealth
 * Level 12.1 Shields
 * Level 13.8 Unarmed Combat
 - Level 4.0 Spellcasting
 + Level 9.0 Necromancy
 + Level 7.9 Earth Magic
 - Level 10.6 Invocations
 - Level 5.0 Evocations


You had 17 spell levels left.
You knew the following spells:

 Your Spells              Type           Power        Failure   Level  Hunger
a - Animate Skeleton      Necr           N/A          5%          1    None
b - Apportation           Tloc           #.....       91%         1    None
c - Borgnjor's Vile Clut  Necr/Erth      ######....   88%         5    #####..


Dungeon Overview and Level Annotations

Branches:
Dungeon (15/15)            Temple (1/1) D:7            Lair (6/6) D:9
  Swamp (4/4) Lair:3        Snake (0/4) Lair:2        Slime (0/5) Lair:5
    Orc (2/2) D:9             Elf (0/3) Orc:2        Vaults (0/5) D:13
 Depths (0/5) D:15

Altars:
Ashenzari
Cheibriados
Dithmenos
Elyvilon
Fedhas
Gozag
Hepliaklqana
Kikubaaqudgha
Nemelex Xobeh
Okawaru
Qazlal
Ru
Sif Muna
Trog
Uskayaw
Vehumet
Wu Jian
Xom
Yredelemnul
Zin
The Shining One
Jiyva

Shops:
D:5 %   D:8 *   D:11 *   D:15 *   Orc:1 =   Orc:2 %((}[

Annotations:
D:4 Curus's ghost, amateur MfGl
D:5 kal9871's ghost, novice DsSk
Lair:5 exclusion: oklob plant


Innate Abilities, Weirdness & Mutations

You have razor-sharp teeth.
You heal very quickly.
When hurt, damage is shared between your health and your magic reserves.
Your bite disrupts and absorbs the magic of your enemies.
Potions cannot restore your health.
You are immune to rotting.
You have large cloven feet.
You are partially covered in molten scales. (AC +2)
You are agile. (Dex +2)
You passively map a small area around you.


Message History

A large slime creature splits.
The six-headed hydra bites you but does no damage. x3
You block the six-headed hydra's attack. x3
The slime creature hits you!
* * * LOW HITPOINT WARNING * * *
The slime creature hits you!
* * * LOW HITPOINT WARNING * * *
You punch the slime creature!
You kill the slime creature!
Cheibriados thoroughly appreciates the change of pace.
You block the slime creature's attack.
You block the six-headed hydra's attack. x2
The six-headed hydra bites you.
* * * LOW HITPOINT WARNING * * *
The six-headed hydra closely misses you.
The six-headed hydra bites you but does no damage.
The six-headed hydra bites you!
* * * LOW HITPOINT WARNING * * *
You block the slime creature's attack. The slime creature hits you!
You die...

,, ............≈♣#* , ≈
.≈≈≈.♣≈≈≈....≈♣#
♣≈...≈.≈...≈≈§≈♣♣# , ,,
..≈♣.......≈≈w≈♣# *♣≈≈ * *
♣≈≈.÷....≈.≈≈≈♣♣♣♣§.. ♣♣
♣≈.≈≈...≈≈≈.≈≈≈...≈.
♣♣≈♣♣.§D..≈.....≈.≈.≈≈≈.
♣.≈.≈.JJD..≈.♣.≈.≈≈≈≈.≈.
♣♣♣≈..≈J@......≈..≈≈≈≈≈≈.
♣≈.≈......%....§.≈≈≈≈≈≈≈≈
♣..≈/......≈...≈..≈≈≈≈≈≈≈≈
♣♣.♣≈♣≈♣♣≈..≈≈♣.♣♣†..§§§≈≈
♣.♣≈≈♣.♣...≈♣♣♣♣♣♣♣♣♣.§§.
.... ≈....≈.♣.<..♣♣♣≈..♣
♣.♣§..≈...≈.♣♣..§≈≈♣.≈≈≈.
♣♣♣♣♣≈≈§≈...♣♣♣.≈....≈≈≈≈
♣♣.♣♣...♣ ♣♣≈≈≈≈.≈≈≈≈


You could see a six-headed hydra, a four-headed hydra, 3 slime creatures and a
swamp worm (wandering).

Vanquished Creatures
  Rupert (Lair:6)
  A thorn hunter (Swamp:4)
  Gastronok (D:8)
  Kirke (Lair:6)
  A frost giant (IceCv)
  4 fire dragons
  Fannar (Orc:1)
  An ice dragon (D:15)
  Erolcha (D:9)
  A centaur warrior (D:10)
  14 hydras
  A naga warrior (D:15)
  An anaconda (D:15)
  14 two-headed ogres
  2 dancing weapons (D:13)
  2 ogre magi (Orc:2)
  2 death yaks (IceCv)
  Urug (Lair:5)
  An alligator (Swamp:1)
  A tengu warrior (Swamp:2)
  An orc high priest (Orc:1)
  Sonja (Lair:4)
  Nergalle (D:11)
  4 skeletal warriors (D:14)
  2 fire crabs (Swamp:4)
  3 deep trolls
  2 unseen horrors (D:11)
  3 shambling mangroves
  2 spriggan druids (Swamp:3)
  The ghost of Kavrick the Chopper, a novice DDFi (D:7)
  5 swamp dragons
  A necromancer (Swamp:1)
  Pikel (D:5)
  8 ugly things
  2 orc knights
  4 orc sorcerers
  2 manticores
  2 cyclopes
  A centaur zombie (D:15)
  A salamander (D:15)
  13 elephants
  4 black mambas
  Maurice (D:13)
  15 spiny frogs
  3 torpor snails
  7 komodo dragons
  7 kobold demonologists
  3 rime drakes
  An efreet (D:14)
  A tengu conjurer (D:15)
  13 trolls
  3 hydra zombies (Swamp:1)
  A polar bear (shapeshifter) (D:14)
  21 polar bears
  28 slime creatures
  A wolf spider simulacrum (D:15)
  5 tyrant leeches
  3 raiju (Lair:6)
  7 hornets
  23 blink frogs
  A harpy skeleton (D:15)
  4 hippogriffs
  6 bog bodies
  A vampire (D:15)
  A wraith (D:10)
  Sigmund (D:2)
  2 wyverns
  11 spriggans
  4 basilisks
  51 yaks
  A hungry ghost (D:7)
  Eustachio (D:6)
  5 steam dragons
  15 vampire mosquitoes
  8 wargs
  4 nagas (Lair:2)
  5 insubstantial wisps (Swamp:1)
  7 water moccasins
  2 acid dragons
  16 swamp worms
  13 hell hounds (Lair:6)
  12 porcupines
  A sky beast (D:7)
  A hornet zombie (Swamp:1)
  5 ice beasts
  11 swamp drakes
  21 orc warriors
  12 black bears
  2 eyes of draining
  3 phantoms
  26 ogres
  2 necrophages
  34 wolves
  5 centaurs
  6 crocodiles
  4 big kobolds
  19 bullfrogs
  A gnoll sergeant (Orc:1)
  A wyvern skeleton (D:8)
  A water moccasin skeleton (D:8)
  4 scorpions
  6 killer bees (D:11)
  8 wights
  4 howler monkeys
  2 electric eels (Orc:1)
  A bullfrog zombie (D:15)
  3 crimson imps
  A quasit (D:12)
  7 jellies
  5 hounds
  5 centaur skeletons
  18 orc priests
  Crazy Yiuf (D:6)
  24 orc wizards
  Jessica (D:2)
  6 iguanas
  4 worker ants
  11 hell rats
  A killer bee zombie (D:6)
  2 hound zombies (D:5)
  A worker ant zombie (D:5)
  A howler monkey skeleton (D:5)
  16 adders
  12 gnolls
  5 river rats (Lair:5)
  A swamp drake zombie (Swamp:1)
  9 shadow imps
  5 oozes (D:8)
  2 adder zombies
  2 adder skeletons
  4 worms
  6 leopard geckos
  68 orcs
  7 bats
  5 giant cockroaches
  11 goblins
  5 hobgoblins
  6 jackals
  9 kobolds
  3 quokkas
  A ball python zombie (D:5)
  4 frilled lizards (D:1)
  A jackal zombie (D:8)
  A leopard gecko skeleton (D:6)
  2 quokka skeletons
  22 rats
  A fungus (Lair:3)
909 creatures vanquished.

Vanquished Creatures (collateral kills)
  A hydra (Swamp:4)
  A slime creature (Swamp:4)
  A spriggan druid (Swamp:4)
  An orc knight (Bailey)
  A cyclops (Orc:2)
  2 orc warriors (Bailey)
  A swamp drake (Swamp:4)
  An ogre (Orc:2)
  An orc priest (Orc:1)
  2 orcs (Orc:1)
12 creatures vanquished.

Vanquished Creatures (others)
  A hydra (Swamp:4)
  2 cyclopes
  A polar bear (IceCv)
  A hornet (Swamp:4)
  A spriggan (Swamp:4)
  2 humans (Lair:6)
  A vampire mosquito (Swamp:4)
  An insubstantial wisp (Swamp:1)
  An orc warrior (Bailey)
  4 swamp drakes (Swamp:4)
  A slave (D:6)
  2 wolves (IceCv)
  5 centaurs
  A scorpion (D:5)
  A howler monkey (D:5)
  A hound (D:6)
  2 orc wizards
  A worker ant (D:5)
  An orc (D:6)
  A quokka (D:5)
  5 bushes
  15 fungi
  24 plants
75 creatures vanquished.

Grand Total: 996 creatures vanquished

Notes
Turn   | Place    | Note
-------+----------+-------------------------------------------
     0 | D:1      | dududu the Vine Stalker Monk began the quest for the Orb.
     0 | D:1      | Reached XP level 1. HP: 11/11 MP: 2/2
   347 | D:1      | Reached XP level 2. HP: 13/16 MP: 3/3
  1198 | D:2      | Reached XP level 3. HP: 16/20 MP: 2/4
  1369 | D:2      | Noticed Jessica
  1373 | D:2      | Killed Jessica
  1373 | D:2      | Reached skill level 4 in Unarmed Combat
  1373 | D:2      | Gained mutation: Your natural rate of healing is unusually fast. [Vine Stalker growth]
  1373 | D:2      | Reached XP level 4. HP: 24/24 MP: 5/5
  1491 | D:2      | Reached skill level 1 in Shields
  1625 | D:2      | Noticed Sigmund
  1638 | D:2      | Killed Sigmund
  1638 | D:2      | Reached skill level 5 in Unarmed Combat
  1638 | D:2      | Reached XP level 5. HP: 26/29 MP: 6/6
  1638 | D:2      | Reached XP level 6. HP: 30/33 MP: 7/7
  2242 | D:3      | Found a bloodstained altar of Trog.
  2242 | D:3      | Found an ancient bone altar of Kikubaaqudgha.
  2247 | D:3      | Found a basalt altar of Yredelemnul.
  2687 | D:4      | Noticed Curus's ghost (amateur MfGl)
  2835 | D:4      | Found a blossoming altar of Fedhas.
  2909 | D:4      | Reached XP level 7. HP: 37/37 MP: 8/8
  3517 | D:5      | Entered Level 5 of the Dungeon
  3536 | D:5      | Reached skill level 6 in Unarmed Combat
  3709 | D:5      | Found a shimmering altar of Xom.
  3776 | D:5      | Found Finniw's Food Boutique.
  4016 | D:5      | Noticed kal9871's ghost (novice DsSk)
  4069 | D:5      | Gained mutation: You have razor-sharp teeth. [Vine Stalker growth]
  4069 | D:5      | Reached XP level 8. HP: 39/42 MP: 9/9
  4668 | D:6      | Found a runed door.
  4672 | D:6      | Noticed Crazy Yiuf
  4678 | D:6      | Killed Crazy Yiuf
  4678 | D:6      | Reached skill level 7 in Unarmed Combat
  4755 | D:6      | Reached skill level 5 in Fighting
  5210 | D:6      | Noticed Eustachio
  5338 | D:6      | Killed Eustachio
  5338 | D:6      | Reached skill level 8 in Unarmed Combat
  5361 | D:6      | Noticed Pikel
  5498 | D:5      | Killed Pikel
  5498 | D:5      | Reached skill level 5 in Shields
  5498 | D:5      | Reached XP level 9. HP: 44/48 MP: 10/10
  5660 | D:6      | Found a white marble altar of Elyvilon.
  5802 | D:6      | Reached skill level 9 in Unarmed Combat
  5881 | D:7      | Got an ichor-stained scale mail
  5904 | D:7      | Noticed Kavrick's ghost (novice DDFi)
  6241 | D:7      | Found an iron altar of Okawaru.
  6333 | D:7      | Found a staircase to the Ecumenical Temple.
  6338 | Temple   | Entered the Ecumenical Temple
  6498 | Temple   | Became a worshipper of Cheibriados the Contemplative
  6498 | Temple   | Reached * piety under Cheibriados
  6498 | Temple   | Reached ** piety under Cheibriados
  6593 | D:7      | Identified the +4 scale mail of Space {Str+4} (You found it on level 7 of the Dungeon)
  6610 | D:7      | Killed Kavrick's ghost
  6831 | D:8      | Noticed a two-headed ogre
  6853 | D:8      | Killed a two-headed ogre
  6853 | D:8      | Reached XP level 10. HP: 13/55 MP: 13/14
  7160 | D:8      | Noticed Gastronok
  7208 | D:8      | Reached skill level 10 in Unarmed Combat
  7293 | D:8      | Gained mutation: You are agile. (Dex +2) [potion of mutation]
  7293 | D:8      | Gained mutation: You are partially covered in molten scales. (AC +2) [potion of mutation]
  7293 | D:8      | Gained mutation: You have large cloven feet. [potion of mutation]
  7293 | D:8      | Gained mutation: You passively map a small area around you. [potion of mutation]
  7306 | D:8      | Killed Gastronok
  7455 | D:8      | Reached XP level 11. HP: 59/59 MP: 16/16
  7469 | D:8      | Found Hocweob's Assorted Antiques.
  7510 | D:8      | Reached *** piety under Cheibriados
  7751 | D:9      | Found a stormy altar of Qazlal.
  7841 | D:9      | Reached skill level 1 in Armour
  7885 | D:9      | Noticed Erolcha
  7897 | D:9      | Killed Erolcha
  7905 | D:9      | Found a staircase to the Lair.
  7979 | D:9      | Learned a level 1 spell: Animate Skeleton
  8071 | D:9      | Found a staircase to the Orcish Mines.
  8209 | D:9      | Reached **** piety under Cheibriados
  8279 | D:10     | Entered Level 10 of the Dungeon
  8288 | D:10     | Noticed a centaur warrior
  8315 | D:10     | Killed a centaur warrior
  8556 | D:10     | Noticed a manticore
  8564 | D:10     | Killed a manticore
  8611 | D:10     | Learned a level 1 spell: Apportation
  8623 | D:10     | Reached ***** piety under Cheibriados
  8679 | D:10     | Noticed a two-headed ogre
  8684 | D:10     | Killed a two-headed ogre
  8901 | D:11     | Reached skill level 11 in Unarmed Combat
  8951 | Lair:1   | Entered Level 1 of the Lair of Beasts
  9052 | Lair:1   | Noticed a seven-headed hydra
  9060 | Lair:1   | Killed a seven-headed hydra
  9060 | Lair:1   | Gained mutation: You heal very quickly. [Vine Stalker growth]
  9060 | Lair:1   | Reached XP level 12. HP: 63/65 MP: 19/19
  9151 | Lair:1   | Noticed a five-headed hydra
  9157 | Lair:1   | Killed a five-headed hydra
  9338 | Lair:1   | Noticed a five-headed hydra
  9346 | Lair:1   | Killed a five-headed hydra
  9845 | Lair:1   | Learned a level 5 spell: Borgnjor's Vile Clutch
 10069 | Lair:2   | Reached skill level 1 in Necromancy
 10073 | Lair:2   | Found a staircase to the Snake Pit.
 10153 | Lair:2   | Reached skill level 1 in Spellcasting
 10153 | Lair:2   | Reached skill level 10 in Invocations
 10379 | Lair:2   | Reached ****** piety under Cheibriados
 10662 | Lair:3   | Reached XP level 13. HP: 70/70 MP: 21/21
 10854 | Lair:3   | Found a staircase to the Swamp.
 11521 | Lair:4   | Noticed Sonja
 11536 | Lair:4   | Killed Sonja
 12112 | Lair:5   | Noticed Urug
 12139 | Lair:5   | Killed Urug
 12209 | Lair:5   | Reached skill level 5 in Armour
 12221 | Lair:5   | Reached skill level 12 in Unarmed Combat
 12221 | Lair:5   | Reached skill level 5 in Necromancy
 12568 | Lair:5   | Found a viscous altar of Jiyva.
 12569 | Lair:5   | Found a staircase to the Slime Pits.
 13111 | Lair:6   | Entered Level 6 of the Lair of Beasts
 13116 | Lair:6   | Identified a scroll of acquirement
 13171 | Lair:6   | Found a frozen archway.
 13191 | IceCv    | Entered an ice cave
 13312 | IceCv    | Reached XP level 14. HP: 76/76 MP: 22/22
 13442 | IceCv    | Reached skill level 10 in Fighting
 13442 | IceCv    | Reached skill level 1 in Evocations
 13546 | IceCv    | Noticed a frost giant
 13560 | IceCv    | Killed a frost giant
 13879 | Lair:6   | Reached skill level 5 in Evocations
 13918 | Lair:6   | Noticed Rupert
 13924 | Lair:6   | Killed Rupert
 13985 | Lair:6   | Noticed Kirke
 13998 | Lair:6   | Killed Kirke
 13998 | Lair:6   | Reached skill level 10 in Shields
 14455 | Lair:6   | Reached XP level 15. HP: 83/83 MP: 23/23
 15121 | Orc:1    | Entered Level 1 of the Orcish Mines
 15213 | Orc:1    | Found Akastru's Jewellery Shoppe.
 15232 | Orc:1    | Reached skill level 1 in Earth Magic
 15455 | Orc:1    | Found a radiant altar of Vehumet.
 15568 | Orc:2    | Entered Level 2 of the Orcish Mines
 15574 | Orc:2    | Found a staircase to the Elven Halls.
 15614 | Orc:1    | Noticed Fannar
 15629 | Orc:1    | Killed Fannar
 15720 | Orc:2    | Found Dacod's Food Boutique.
 15897 | Orc:2    | Found Ygorche's Antique Weapon Shoppe.
 15899 | Orc:2    | Found Hoxyt's Antique Armour Boutique.
 15907 | Orc:2    | Found Turoonua's Antique Weapon Emporium.
 15908 | Orc:2    | Found Nyagg's Gadget Emporium.
 16240 | Orc:2    | Found a deep blue altar of Sif Muna.
 16342 | Orc:1    | Bought a +3 amulet of reflection for 219 gold pieces
 16342 | Orc:1    | Bought an uncursed ring of see invisible for 210 gold pieces
 16703 | D:11     | Found Hoepn's Assorted Antiques.
 16705 | D:11     | Noticed Nergalle
 16720 | D:11     | Killed Nergalle
 16743 | D:11     | Bought a runed cloak for 262 gold pieces
 16743 | D:11     | Bought a fluorescent wand for 140 gold pieces
 16743 | D:11     | Bought 2 scrolls of identify for 140 gold pieces
 17167 | D:12     | Found a flagged portal.
 17176 | Bailey   | Entered a bailey
 17782 | D:12     | Reached skill level 5 in Earth Magic
 18115 | D:12     | Reached XP level 16. HP: 84/88 MP: 24/24
 18150 | D:13     | Noticed Maurice
 18155 | D:13     | Killed Maurice
 18302 | D:13     | Found a gate to the Vaults.
 19088 | D:14     | Reached skill level 13 in Unarmed Combat
 19218 | D:15     | Entered Level 15 of the Dungeon
 19336 | D:15     | Found a basalt altar of Yredelemnul.
 19427 | D:15     | Found Sutusyli's Serpentskin Sales.
 19892 | D:15     | Found a staircase to the Depths.
 20245 | Swamp:1  | Entered Level 1 of the Swamp
 21306 | Swamp:3  | Identified the +0 pair of boots of the City {Str+3} (You acquired it on level 3 of the Swamp)
 21541 | Swamp:4  | Entered Level 4 of the Swamp
 21701 | Swamp:4  | Reached XP level 17. HP: 7/94 MP: 1/25
 21909 | Swamp:4  | Slain by a slime creature

Vault maps used:
D:1:      dpeg_arrival_simpleton_c, hex_medium
D:2:      first_ration, minmay_rat_gold_closets, uniq_sigmund, uniq_jessica
D:3:      grunt_temple_overflow_lords_of_destruction, minitemple, minmay_cut_off
D:4:      fedhas_altar_2, serial_aquarium, aquarium_bridge_straight,
          aquarium_bridge_square, aquarium_window_1, aquarium_window_1,
          aquarium_view_2d
D:5:      serial_shops, nicolae_shop_behind_doors, xom_confusion_cloud
D:6:      serial_glass, glass_columns_b, glass_columns_b,
          hangedman_abyss_or_decor_slice, kennysheep_pointless_box,
          elyvilon_altar_4, uniq_eustachio, uniq_pikel, uniq_crazy_yiuf_cottage
D:7:      temple_doors_ab, basic_altar
D:8:      minmay_ornate_pinched, serial_shops, nicolae_shop_behind_doors,
          hangedman_little_slice_of_home, minmay_statues_item, uniq_gastronok
D:9:      grunt_qazlal_sundering, lair_entry_dummy, orc_0_dummy, uniq_erolcha
D:11:     serial_shops, shop, due_unseen_surprise, uniq_nergalle
D:12:     enter_bailey_3
D:13:     erik_vaults_1, uniq_maurice
D:14:     serial_park_paths, kennysheep_another_room
D:15:     grunt_enter_depths_hoard, nrook_uturn, basic_altar,
          minmay_misc_feat_plants, guppyfry_shop_venom
Temple:   bh_familiar_temple
Lair:1:   kb_forest_paths
Lair:2:   minmay_snake_entry_guardpost_small
Lair:3:   swamp_mist_pool, lemuel_fruit_tree
Lair:4:   uniq_sonja
Lair:5:   dpeg_slime_entry_enclosed_altar, kennysheep_abandoned_house,
          infiniplex_staircase_pool_2, uniq_urug
Lair:6:   hangedman_lair_caniforms_friends, guppyfry_lair_end_dragon,
          portal_ice_cave_entry_pillars_1, uniq_kirke, uniq_rupert
Swamp:1:  nicolae_swamp_triple_paths, swamp_pool1, nicolae_swamp_necromancer_hut
Swamp:2:  evilmike_swamp_ruin_rubble_1, swamp_pool4, kb_tengu_band
Swamp:3:  nicolae_swamp_fairy_circle
Swamp:4:  swamp_fiery, swamp_pool2
Orc:1:    basic_altar, abandoned_shop, nicolae_orc_flooded_monolith,
          guppyfry_orc_lava_fort, uniq_fannar
Orc:2:    st_orc_open, serial_shops, shop, led_sif_book
Bailey:   bailey_polearm_1, bailey
IceCv:    ice_cave_caverns_03

Skill      XL: |  1  2  3  4  5  6  7  8  9 10 11 12 13 14 15 16 17 |
---------------+----------------------------------------------------+-----
Fighting       | 3 4 6 7 8 9 11 12 | 12.5
Stealth        | 3 |  3.0
Unarmed Combat | 4 5 6 8 9 10 11 12 13 | 13.8
Shields        | 2 3 5 6 7 8 9 10 11 12 | 12.1
Invocations    | 4 6 8 10 | 10.6
Armour         | 3 4 5 7 8 9 |  9.4
Necromancy     | 2 6 7 8 9 |  9.0
Spellcasting   | 2 4 |  4.0
Evocations     | 5 |  5.0
Earth Magic    | 5 7 |  7.9
Dodging        | |  2.4

Action                   |  1- 3 |  4- 6 |  7- 9 | 10-12 | 13-15 | 16-18 || total
-------------------------+-------+-------+-------+-------+-------+-------++-------
Melee: Unarmed           |    62 |   168 |   312 |   481 |  1137 |   673 ||  2833
       Bite              |     7 |    46 |   104 |   239 |   692 |   428 ||  1516
       Kick              |       |       |       |   176 |       |       ||   176
 Fire: Hunting sling     |       |    19 |    56 |    17 |   139 |     6 ||   237
Throw: Javelin           |     6 |    26 |    11 |    52 |    33 |     7 ||   135
 Cast: Animate Skeleton  |       |       |       |       |       |     3 ||     3
Invok: Slouch            |       |       |       |       |    11 |     4 ||    15
       Step From Time    |       |       |       |       |       |     1 ||     1
Evoke: Wand              |       |     3 |    12 |     1 |    14 |     7 ||    37
       Lamp of fire      |       |       |       |       |     1 |     1 ||     2
       Phial of floods   |       |       |       |       |     1 |     1 ||     2
       Phantom mirror    |       |       |       |       |       |     1 ||     1
  Use: Scroll            |       |     2 |     6 |     9 |    16 |     9 ||    42
       Potion            |       |       |       |     3 |     1 |     5 ||     9
 Stab: Sleeping          |     4 |     6 |     3 |     3 |       |       ||    16
       Paralysed         |       |     7 |    12 |       |       |     1 ||    20
       Distracted        |       |       |       |       |       |     1 ||     1
       Invisible         |       |       |       |       |       |     3 ||     3
  Eat: Chunk             |     1 |     5 |     9 |     8 |    18 |     8 ||    49
       Ration            |       |       |     2 |       |       |       ||     2
Armor: Robe              |     2 |       |       |       |       |       ||     2
       Ring mail         |     8 |    34 |    39 |    19 |       |       ||   100
       Leather armour    |     1 |       |       |       |       |       ||     1
       Chain mail        |       |       |    14 |       |       |       ||    14
       Skin              |       |       |       |     6 |       |       ||     6
       Plate armour      |       |       |       |    84 |   512 |   300 ||   896
       Scale mail        |       |       |       |    19 |       |       ||    19
       Fire dragon scale |       |       |       |       |       |     2 ||     2
Dodge: Dodged            |    25 |    30 |    53 |    42 |   172 |   154 ||   476
Block: Large shield      |    11 |    94 |   189 |   319 |  1389 |   923 ||  2925
       Reflection        |       |       |       |       |    32 |    10 ||    42

Table legend:
 A = Spawn XP
 B = Non-spawn XP
 C = Spawn XP percentage of total XP
 D = Spawn monster count
 E = Non-spawn monster count
 F = Spawn count percentage of total count
 G = Total turns spent on level
                    A         B        C        D         E        F      G
               +---------+---------+-------+---------+---------+-------+---------
         Total |       0 |  197848 |   0.0 |       0 |     928 |   0.0 | 21909
               +---------+---------+-------+---------+---------+-------+---------
           D:1 |       0 |      26 |   0.0 |       0 |      18 |   0.0 |  1158
           D:2 |       0 |     325 |   0.0 |       0 |      29 |   0.0 |   630
           D:3 |       0 |     184 |   0.0 |       0 |      27 |   0.0 |  1022
           D:4 |       0 |     262 |   0.0 |       0 |      11 |   0.0 |   847
           D:5 |       0 |    1266 |   0.0 |       0 |      24 |   0.0 |  1147
           D:6 |       0 |     875 |   0.0 |       0 |      22 |   0.0 |  1135
           D:7 |       0 |    1318 |   0.0 |       0 |      12 |   0.0 |   668
           D:8 |       0 |    5403 |   0.0 |       0 |      43 |   0.0 |   953
           D:9 |       0 |    2128 |   0.0 |       0 |      24 |   0.0 |   651
          D:10 |       0 |    4257 |   0.0 |       0 |      31 |   0.0 |   669
          D:11 |       0 |    5599 |   0.0 |       0 |      29 |   0.0 |   751
          D:12 |       0 |    9286 |   0.0 |       0 |      48 |   0.0 |   594
          D:13 |       0 |    4927 |   0.0 |       0 |      22 |   0.0 |   549
          D:14 |       0 |   10355 |   0.0 |       0 |      22 |   0.0 |   588
          D:15 |       0 |    9805 |   0.0 |       0 |      26 |   0.0 |   833
        Lair:1 |       0 |    9761 |   0.0 |       0 |      40 |   0.0 |  1013
        Lair:2 |       0 |    5536 |   0.0 |       0 |      31 |   0.0 |   733
        Lair:3 |       0 |    3252 |   0.0 |       0 |      15 |   0.0 |   510
        Lair:4 |       0 |    7420 |   0.0 |       0 |      23 |   0.0 |   981
        Lair:5 |       0 |    9088 |   0.0 |       0 |      35 |   0.0 |  1094
        Lair:6 |       0 |   25812 |   0.0 |       0 |      91 |   0.0 |  1424
       Swamp:1 |       0 |   10163 |   0.0 |       0 |      38 |   0.0 |   735
       Swamp:2 |       0 |    5945 |   0.0 |       0 |      19 |   0.0 |   280
       Swamp:3 |       0 |    7515 |   0.0 |       0 |      25 |   0.0 |   360
       Swamp:4 |       0 |   19814 |   0.0 |       0 |      50 |   0.0 |   286
         Orc:1 |       0 |    6288 |   0.0 |       0 |      38 |   0.0 |   571
         Orc:2 |       0 |   17482 |   0.0 |       0 |      71 |   0.0 |   669
        Bailey |       0 |    2356 |   0.0 |       0 |      21 |   0.0 |   445
         IceCv |       0 |   11400 |   0.0 |       0 |      43 |   0.0 |   430
               +---------+---------+-------+---------+---------+-------+---------
